 Dungeon Crawl Stone Soup version 0.29-a0-887-gcbe080d7e0 (webtiles) character file.

Game seed: 323675800876126692

331 inmateoo the Trooper (level 6, -7/66 HPs)
             Began as an Ogre Fighter on July 17, 2022.
             Was an Initiate of Vehumet.
             Splashed by a jelly's acid (8 damage)
             ... on level 4 of the Dungeon on July 22, 2022.
             The game lasted 00:02:49 (2314 turns).

inmateoo the Trooper (Ogre Fighter)                 Turns: 2314, Time: 00:02:49

Health: -7/66      AC: -3    Str: 21    XL:     6   Next: 51%
Magic:  9/9        EV:  9    Int:  9    God:    Vehumet [......]
Gold:   240        SH:  8    Dex: 10    Spells: 8/9 levels left

rFire   . . .      SeeInvis .   i - +0 spear (venom)
rCold   . . .      Faith    .   c - +0 kite shield
rNeg    + + .      Spirit   .   o - +2 robe {rN+}
rPois   .          Reflect  .   (helmet restricted)
rElec   .          Harm     .   (no cloak)
rCorr   .          Rampage  .   (gloves unavailable)
Will    .....                   (boots unavailable)
Stlth   +.........              (no amulet)
HPRegen 0.21/turn               s - ring of positive energy
MPRegen 0.11/turn               (no ring)

@: corroded
A: large, unfitting armour, tough skin 1
a: Renounce Religion


You were on level 4 of the Dungeon.
You worshipped Vehumet.
Vehumet was noncommittal.
You visited 1 branch of the dungeon, and saw 4 of its levels.

You collected 240 gold pieces.

Inventory:

Hand Weapons
 a - a +0 trident
 i - a +0 spear of venom (weapon)
Armour
 c - a +0 kite shield (worn)
 o - a +2 robe of positive energy (worn)
Jewellery
 s - a ring of positive energy (left hand)
Wands
 r - a wand of quicksilver (10)
Scrolls
 e - a scroll of fog {unknown}
 g - 3 scrolls of identify {unknown}
 h - 2 scrolls of fear {unknown}
 j - 2 scrolls of amnesia {unknown}
 k - a scroll of poison {unknown}
 m - 2 scrolls of teleportation {unknown}
 p - a scroll of noise {unknown}
 q - a scroll of enchant weapon {unknown}
Potions
 b - a potion of magic {unknown}
 d - 2 potions of might
 f - a potion of ambrosia {unknown}
 l - a potion of brilliance {unknown}
 n - a potion of berserk rage {unknown}
 t - a potion of curing {unknown}


   Skills:
 + Level 5.5 Fighting
 + Level 3.5 Polearms
 + Level 3.7 Dodging
 + Level 4.2 Shields
 + Level 2.1 Spellcasting
 + Level 0.4 Earth Magic


You had 8 spell levels left.
You knew the following spells:

 Your Spells              Type           Power      Damage    Failure   Level
a - Sandblast             Erth           2%         2d4       52%         1

Your spell library contained the following spells:

 Spells                   Type           Power      Damage    Failure   Level
 Apportation              Tloc           0%         N/A       58%         1
 Necrotise                Necr           0%         1d4       58%         1
 Summon Small Mammal      Summ           0%         N/A       58%         1
 Passwall                 Tmut/Erth      0%         N/A       71%         2
 Stone Arrow              Conj/Erth      2%         3d7       90%         3
 Inner Flame              Hex/Fire       0%         N/A       92%         3
 Cause Fear               Hex            0%         N/A       100%        4
 Discord                  Hex            0%         N/A       100%        8


Dungeon Overview and Level Annotations

Branches:
Dungeon (4/15)
 Temple: D:4-7

Altars:
Hepliaklqana
Kikubaaqudgha
Sif Muna
Uskayaw
Vehumet
Xom
Zin

Shops:
D:1 [


Innate Abilities, Weirdness & Mutations

You are too large for most types of armour.
You have tough skin. (AC +1)


Message History

The gnoll is almost dead.
The gnoll hits you with a +0 halberd.
You are too injured to fight recklessly!
You barely miss the gnoll.
The gnoll is almost dead.
You kill the gnoll!
Vehumet accepts your kill.
You are too injured to fight recklessly!
You hit the jelly. The acid corrodes you!
Your hands burn!
The jelly is lightly wounded.
You block the jelly's attack.
You are too injured to fight recklessly!
You completely miss the jelly.
The jelly is lightly wounded.
You block the jelly's attack.
You are too injured to fight recklessly!
You hit the jelly.
The jelly is poisoned.
Your hands burn!
The jelly is moderately wounded.
The jelly misses you.
You hit the jelly.
The jelly looks as sick as possible!
Your hands burn!
The jelly is heavily wounded.
You block the jelly's attack.
You are too injured to fight recklessly!
You hit the jelly but do no damage.
Your hands burn!
The jelly is heavily wounded.
You block the jelly's attack.
You are too injured to fight recklessly!
You hit the jelly.
Your hands burn!
* * * LOW HITPOINT WARNING * * *
The jelly is severely wounded.
The jelly hits you.
* * * LOW HITPOINT WARNING * * *
The acid corrodes you!
You are splashed with acid!
* * * LOW HITPOINT WARNING * * *
You barely miss the jelly.
The jelly is severely wounded.
The jelly hits you.
* * * LOW HITPOINT WARNING * * *
You are splashed with acid!
You die...

.≈≈...≈≈... +........#
#.≈...≈.##. .....
#........# #..≈.≈..# P
... ####.....# #≈.≈.≈.≈#
... #.##..# #≈.....≈# ...
#.....# #≈.....≈# #.#
####.## ##..≈..## #.#####
## #.# ≈.≈.≈# #####
#J##.. .. #)#
##...###@##.######.#.##
##.###.#...#.##........#
#.#####......##.###.##.#
#....##....#.##........#
#.##.##.#.##...........##
##.#.............≈≈≈≈...#
##...###.#####..≈≈≈≈8..#
##### #.# #..≈≈≈≈...# #.#
#........##


You could see a jelly (very poisoned).

Vanquished Creatures
  Sigmund (D:3)
  3 adders
  6 gnolls (D:4)
  A white imp (D:4)
  An ufetubus (D:3)
  3 worms
  3 dart slugs
  4 ball pythons
  5 endoplasms
  2 giant cockroaches (D:3)
  11 goblins
  8 hobgoblins
  5 jackals
  4 quokkas
  6 bats
  A frilled lizard (D:2)
  2 kobolds
  3 rats
69 creatures vanquished.

Notes
Turn   | Place    | Note
-------+----------+-------------------------------------------
     0 | D:1      | inmateoo the Ogre Fighter began the quest for the Orb.
     0 | D:1      | Reached XP level 1. HP: 24/24 MP: 1/1
    39 | D:1      | Reached XP level 2. HP: 27/32 MP: 2/2
    99 | D:1      | Upgraded the game from 0.29-a0-870-g2c972031a6 to
                  | 0.29-a0-887-gcbe080d7e0
   210 | D:1      | Found Goereuv's Armour Boutique.
   410 | D:1      | Reached XP level 3. HP: 26/40 MP: 3/3
  1048 | D:2      | Reached XP level 4. HP: 41/49 MP: 4/4
  1234 | D:2      | Found a hide-covered altar of Uskayaw.
  1591 | D:3      | Noticed Sigmund
  1599 | D:3      | Killed Sigmund
  1600 | D:3      | Reached skill level 5 in Fighting
  1600 | D:3      | Reached skill level 1 in Spellcasting
  1600 | D:3      | Reached XP level 5. HP: 46/57 MP: 4/7
  1600 | D:3      | Reached XP level 6. HP: 53/66 MP: 4/8
  1661 | D:3      | Found a glowing silver altar of Zin.
  1687 | D:3      | Found a shimmering blue altar of Sif Muna.
  1687 | D:3      | Found a radiant altar of Vehumet.
  1697 | D:3      | Became a worshipper of Vehumet
  1750 | D:3      | Learned a level 1 spell: Sandblast
  1807 | D:3      | Found a shimmering altar of Xom.
  1851 | D:3      | Found a hazy altar of Hepliaklqana.
  2048 | D:4      | Identified the +7 chain mail "Aciypsal" {rF+ rC+ Int-3}
  2118 | D:4      | Found an ancient bone altar of Kikubaaqudgha.
  2314 | D:4      | HP: 1/66 [jelly (3)]
  2314 | D:4      | Splashed by a jelly's acid

Illustrated notes

Levels and vault maps discovered:
D:1:      amcnicky_arrival_choice, layout_rooms, serial_shops,
          nicolae_shop_behind_doors
D:2:      layout_basic, basic_altar
D:3:      layout_rooms, worldfamousw_hep_ancestral_shrine, xom_butterflies,
          zin_treasury, jmf_multi_god_temple, uniq_sigmund
D:4:      layout_loops_corners, yredelemnul_altar_generic,
          nicolae_uskayaw_suspiria, lemuel_crystal_altar, temple_pool_b,
          serial_park_tiny_pond, uniq_ijyb

Skill      XL: |  1  2  3  4  5  6 |
---------------+-------------------+-----
Dodging        | 3 |  3.7
Fighting       | 5 |  5.5
Polearms       | 3 |  3.5
Shields        | 4 |  4.2
Spellcasting   | 1 2 |  2.1
Earth Magic    | |  0.4

Action                   |  1- 3 |  4- 6 || total
-------------------------+-------+-------++-------
Melee: Trident           |   129 |       ||   129
       Spear             |       |   123 ||   123
 Stab: Distracted        |     1 |       ||     1
Armor: Robe              |    33 |    21 ||    54
Dodge: Dodged            |    39 |    26 ||    65
Block: Kite shield       |    45 |    32 ||    77

Table legend: (Time is in decaauts)
 A = Elapsed time spent in this place.
 B = Non-inter-level travel time spent in this place.
 C = Inter-level travel time spent in this place.
 D = Time resting spent in this place.
 E = Time spent auto-exploring this place.
 F = Levels seen in this place.
 G = Mean time per level.
                   A        B        C        D        E       F      G
               +--------+--------+--------+--------+--------+-----+--------+
         Total |   2360 |   2310 |     50 |    506 |   1229 |   4 |  590.0 |
       Dungeon |   2360 |   2310 |     50 |    506 |   1229 |   4 |  590.0 |
               +--------+--------+--------+--------+--------+-----+--------+

Top non-repeatable levels by time:
     D:2: 856 daAuts
     D:1: 710 daAuts
     D:3: 509 daAuts
     D:4: 284 daAuts
